 Dungeon Sprint DCSS version 0.21.1-1-g345015f (webtiles) character file.

13700000 doot the Conqueror (level 27, -127/273 HPs)
             Began as a Ghoul Warper on May 1, 2018.
             Was the Champion of Makhleb.
             Annihilated by a fleshlord
             ... wielding a +9 great mace
              (400 damage)
             ... in the Dungeon (Sprint VIII: "Arena of Blood").
             The game lasted 00:06:08 (137 turns).

doot the Conqueror (Ghoul Warper)                    Turns: 137, Time: 00:06:09

Health: -127/273   AC:  6    Str: 19    XL:     27
Magic:  37/53      EV: 32    Int:  8    God:    Makhleb [******]
Gold:   0          SH:  0    Dex: 17    Spells: 80/80 levels left

rFire    . . .     SeeInvis .   k - +∞ Axe of Woe
rCold    + . .     Gourm    .   (shield currently unavailable)
rNeg     + + +     Faith    .   a - +0 leather armour
rPois    ∞         Spirit   .   (no helmet)
rElec    .         Reflect  .   (no cloak)
rCorr    .         Harm     .   (no gloves)
MR       ++...     NoTele   +   (no boots)
Stlth    +++++++++.             (no amulet)
HPRegen  0.00/turn              (no ring)
MPRegen  0.33/turn              (no ring)

@: rotting, slowed, very slow
A: rotting body, claws 1, carnivore, cold resistance 1, negative energy
resistance 3, inhibited regeneration, torment resistance, unbreathing
a: Minor Destruction, Lesser Servant of Makhleb, Major Destruction, Greater
Servant of Makhleb, Renounce Religion


You were in the Dungeon.
You worshipped Makhleb.
Makhleb was exalted by your worship.
You were not hungry.

You visited 1 branch

Inventory:

Hand Weapons
 k - the +∞ Axe of Woe (weapon)
   (You found it in the Dungeon)
Missiles
 d - 5 tomahawks of dispersal (quivered)
Armour
 a - a +0 leather armour (worn)
Scrolls
 c - 2 scrolls of blinking
Potions
 e - a potion of curing
 g - a potion of heal wounds
 h - a potion of haste
 i - 2 potions of magic
 j - a potion of berserk rage
Books
 b - a book of Spatial Translocations

   Spells                             Type                      Level
   a - Blink                          Translocation                2
   b - Shroud of Golubria             Charms/Translocation         2
   c - Lesser Beckoning               Translocation                3
   d - Gell's Gravitas                Translocation                3
   e - Teleport Other                 Translocation                3
   f - Passage of Golubria            Translocation                4
Comestibles
 f - a ration


   Skills:
 O Level 27 Fighting
 O Level 27 Axes
 O Level 27 Throwing
 O Level 27 Armour
 O Level 27 Dodging
 O Level 27 Stealth
 O Level 27 Unarmed Combat
 O Level 27 Spellcasting
   Level 2.6 Translocations
 O Level 27 Invocations


You had 80 spell levels left.
You didn't know any spells.

Dungeon Overview and Level Annotations

Branches:
Dungeon (1/1)

Altars:
Makhleb


Innate Abilities, Weirdness & Mutations

Your body is rotting away.
You thrive on raw meat.
You are immune to poison.
You have sharp fingernails.
You are carnivorous and can eat meat at any time.
Your flesh is cold resistant. (rC+)
You are immune to negative energy. (rN+++)
You do not regenerate when monsters are visible.
You are immune to unholy pain and torment.
You can survive without breathing.


Message History

The fleshlord moves out of view.
You hear a shout! x3
Your balrug hits the bag of meat with a demon whip of venom!
The bag of meat is engulfed in flames!!
The bag of meat is poisoned.
A hydra and a wraith come into view.
Unknown command.
You hit the bag of meat.
You cleave the bag of meat in twain.
You kill the bag of meat!
Makhleb accepts your kill.
You slash the bag of meat!
You slaughter the bag of meat joyfully.
You kill the bag of meat!
Makhleb accepts your kill.
You slash the destroyer!
You slaughter the destroyer joyfully.
You destroy the destroyer!
Makhleb accepts your kill.
You hear a shout! x3
The eight-headed meat hydra moves out of view.
The fleshlord hits you with a +9 great mace!!!!!!
Ouch! That really hurt!
You die...

.... O. .... W.
..o #.. ..# #..
..# . .###..
.o.###...
.....%###p.%.....
......)X@).......
....#.)xp)#z.....
. #_)<)2#..%...
....#.)))o#......
......2_.x%......
...§..###)....o..
.###%W.....###...
#o......# .
#.......#


You could see a meat beast, 2 fleshlords, a sculptor of flesh, a large
abomination, a dread, 4 bags of meat, 2 crawling corpses and a friendly balrug.

Vanquished Creatures
  2 hell knights (D)
  9 hell beasts (D)
  4 greater mummies (D)
  4 great orbs of eyes (D)
  3 wraiths (D)
  Harold (D)
  23 vampire knights (D)
  36 ogres (D)
  4 two-headed ogres (D)
  3 liches (D)
  68 orcs (D)
  4 phantoms (D)
  9 skeletal warriors (D)
  4 sea snakes (D)
  9 large abominations (D)
  8 small abominations (D)
  14 crawling corpses (D)
205 creatures vanquished.

Vanquished Creatures (others)
  A crawling corpse (D)
1 creature vanquished.

Grand Total: 206 creatures vanquished

Notes
Turn   | Place    | Note
-------+----------+-------------------------------------------
     0 | D        | Found the +∞ Axe of Woe
     0 | D        | doot the Ghoul Warper began the quest for the Orb.
     0 | D        | Reached XP level 1. HP: 17/17 MP: 2/2
     3 | D        | Noticed a bag of meat
     3 | D        | Noticed a bag of meat
     3 | D        | Noticed a meat berserker
     4 | D        | Noticed a bag of meat
     4 | D        | Became a worshipper of Makhleb the Destroyer
     5 | D        | Noticed a bag of meat
     6 | D        | Killed a meat berserker
     6 | D        | Reached skill level 5 in Axes
     6 | D        | Reached skill level 5 in Throwing
     6 | D        | Reached skill level 5 in Armour
     6 | D        | Reached skill level 15 in Spellcasting
     6 | D        | Reached XP level 2. HP: 50/50 MP: 2/17
     6 | D        | Reached XP level 3. HP: 57/57 MP: 2/19
     6 | D        | Reached XP level 4. HP: 64/64 MP: 2/20
     6 | D        | Reached XP level 5. HP: 72/72 MP: 2/22
     6 | D        | Reached XP level 6. HP: 80/80 MP: 2/23
     6 | D        | Reached XP level 7. HP: 86/86 MP: 2/25
     6 | D        | Reached XP level 8. HP: 94/94 MP: 2/26
     6 | D        | Reached XP level 9. HP: 101/101 MP: 2/27
     6 | D        | Reached XP level 10. HP: 110/110 MP: 2/28
     6 | D        | Reached XP level 11. HP: 116/116 MP: 2/29
     6 | D        | Reached XP level 12. HP: 124/124 MP: 2/30
     6 | D        | Reached XP level 13. HP: 130/130 MP: 2/31
     7 | D        | Killed a bag of meat
     7 | D        | Reached * piety under Makhleb
     7 | D        | Reached skill level 15 in Dodging
     7 | D        | Reached XP level 14. HP: 124/143 MP: 2/34
     8 | D        | Killed a bag of meat
     9 | D        | Killed a bag of meat
     9 | D        | Reached XP level 15. HP: 125/156 MP: 3/36
     9 | D        | Reached ** piety under Makhleb
    11 | D        | Noticed a meat berserker
    13 | D        | Killed a meat berserker
    13 | D        | Reached XP level 16. HP: 172/172 MP: 4/39
    14 | D        | Noticed a meat berserker
    14 | D        | Noticed a meat berserker
    15 | D        | Noticed a meat berserker
    16 | D        | Noticed a meat berserker
    18 | D        | Killed a meat berserker
    18 | D        | Reached skill level 10 in Armour
    18 | D        | Reached XP level 17. HP: 183/183 MP: 5/41
    18 | D        | Killed a meat berserker
    18 | D        | Reached *** piety under Makhleb
    18 | D        | Reached skill level 15 in Axes
    18 | D        | Noticed a destroyer
    19 | D        | Noticed a destroyer
    19 | D        | Noticed a destroyer
    19 | D        | Killed a meat berserker
    19 | D        | Reached skill level 27 in Fighting
    19 | D        | Reached XP level 18. HP: 200/200 MP: 6/45
    20 | D        | Noticed a large bag of meat
    20 | D        | Killed a meat berserker
    20 | D        | Reached **** piety under Makhleb
    20 | D        | Reached XP level 19. HP: 207/207 MP: 6/47
    22 | D        | Noticed a meat berserker
    22 | D        | Noticed a destroyer
    23 | D        | Killed a destroyer
    23 | D        | Reached skill level 10 in Throwing
    23 | D        | Reached skill level 15 in Armour
    23 | D        | Reached skill level 27 in Unarmed Combat
    23 | D        | Reached skill level 27 in Spellcasting
    25 | D        | Noticed a meat berserker
    25 | D        | Noticed a meat berserker
    25 | D        | Noticed a destroyer
    25 | D        | Killed a destroyer
    25 | D        | Reached XP level 20. HP: 216/216 MP: 8/50
    26 | D        | Noticed a destroyer
    27 | D        | Noticed The Servant
    27 | D        | Killed a meat berserker
    27 | D        | Reached skill level 27 in Axes
    27 | D        | Reached skill level 27 in Dodging
    27 | D        | Killed a destroyer
    27 | D        | Reached ***** piety under Makhleb
    27 | D        | Reached skill level 15 in Throwing
    27 | D        | Reached XP level 21. HP: 224/224 MP: 8/51
    27 | D        | Killed The Servant
    27 | D        | Reached skill level 27 in Invocations
    27 | D        | Reached XP level 22. HP: 233/233 MP: 8/52
    27 | D        | Reached skill level 27 in Armour
    28 | D        | Killed a destroyer
    31 | D        | Noticed a destroyer
    31 | D        | Reached skill level 27 in Throwing
    31 | D        | Reached XP level 23. HP: 240/240 MP: 9/53
    31 | D        | Killed a destroyer
    31 | D        | Reached skill level 27 in Stealth
    33 | D        | Killed a destroyer
    33 | D        | Reached ****** piety under Makhleb
    33 | D        | Reached XP level 24. HP: 249/249 MP: 10/53
    33 | D        | Noticed a destroyer
    34 | D        | Killed a destroyer
    35 | D        | Killed a large bag of meat
    35 | D        | Reached XP level 25. HP: 257/257 MP: 10/53
    37 | D        | Noticed a destroyer
    37 | D        | Noticed a large bag of meat
    37 | D        | Killed a destroyer
    37 | D        | Reached XP level 26. HP: 266/266 MP: 11/53
    39 | D        | Noticed a destroyer
    39 | D        | Killed a destroyer
    39 | D        | Reached XP level 27. HP: 273/273 MP: 11/53
    41 | D        | Noticed a destroyer
    41 | D        | Noticed a large bag of meat
    42 | D        | Killed a large bag of meat
    42 | D        | Killed a destroyer
    45 | D        | Noticed an accursed
    45 | D        | Noticed a destroyer
    47 | D        | Noticed a tyrant
    48 | D        | Noticed a destroyer
    48 | D        | Killed a destroyer
    48 | D        | Killed a destroyer
    49 | D        | Noticed a destroyer
    49 | D        | Killed an accursed
    51 | D        | Noticed a large bag of meat
    51 | D        | Killed a destroyer
    55 | D        | Killed a tyrant
    57 | D        | Noticed an accursed
    57 | D        | Noticed a meat beast
    58 | D        | Killed a destroyer
    60 | D        | Killed a large bag of meat
    61 | D        | Noticed a destroyer
    61 | D        | Killed a meat beast
    62 | D        | Noticed a dread
    64 | D        | Noticed an accursed
    65 | D        | Noticed a destroyer
    65 | D        | Noticed a destroyer
    67 | D        | Noticed a meat beast
    68 | D        | Killed a large bag of meat
    70 | D        | Killed a meat beast
    70 | D        | Killed a dread
    71 | D        | Killed an accursed
    71 | D        | Killed a destroyer
    73 | D        | Killed a destroyer
    76 | D        | Killed an accursed
    77 | D        | Noticed a meat beast
    77 | D        | Noticed a destroyer
    78 | D        | Noticed a meat beast
    78 | D        | Killed a destroyer
    78 | D        | Killed a destroyer
    80 | D        | Noticed a dread
    80 | D        | Noticed a meat beast
    81 | D        | Killed a meat beast
    81 | D        | Killed a meat beast
    83 | D        | Killed a meat beast
    84 | D        | Noticed a destroyer
    84 | D        | Noticed a destroyer
    86 | D        | Noticed a meat beast
    86 | D        | Noticed a meat beast
    86 | D        | Killed a destroyer
    87 | D        | Killed a dread
    91 | D        | Noticed a destroyer
    92 | D        | Killed a meat beast
    96 | D        | Noticed a meat beast
    97 | D        | Killed a meat beast
    99 | D        | Noticed a tyrant
   100 | D        | Noticed a meat beast
   100 | D        | Killed a meat beast
   102 | D        | Noticed a dread
   102 | D        | Killed a meat beast
   103 | D        | Noticed an accursed
   104 | D        | Killed a destroyer
   107 | D        | Noticed a destroyer
   107 | D        | Killed an accursed
   110 | D        | Killed a tyrant
   119 | D        | Noticed a destroyer
   119 | D        | Killed a destroyer
   120 | D        | Noticed a dread
   120 | D        | Killed a destroyer
   120 | D        | Killed a dread
   121 | D        | Noticed a fleshlord
   126 | D        | Noticed a tyrant
   129 | D        | Noticed a fleshlord
   130 | D        | Noticed a fleshlord
   131 | D        | Killed a fleshlord
   134 | D        | Noticed a fleshlord
   134 | D        | Killed a tyrant
   135 | D        | Noticed a destroyer
   135 | D        | Killed a fleshlord
   136 | D        | Noticed a meat beast
   137 | D        | Noticed a dread
   137 | D        | Killed a destroyer
   137 | D        | Annihilated by a fleshlord

Skill      XL: |  1  2  3  4  5  6  7  8  9 10 11 12 13 14 15 16 17 18 19 20 21 22 23 |
---------------+----------------------------------------------------------------------+-----
Fighting       | 16 18 20 23 24 27 | 27.0
Axes           | 5 6 8 11 13 17 19 26 27 | 27.0
Throwing       | 5 6 7 8 9 11 15 17 27 | 27.0
Armour         | 5 6 7 9 10 12 13 17 21 25 27 | 27.0
Dodging        | 14 15 17 18 19 21 22 25 27 | 27.0
Unarmed Combat | 16 17 19 21 23 25 26 27 | 27.0
Spellcasting   | 15 17 18 20 21 24 25 27 | 27.0
Invocations    | 12 22 27 | 27.0
Stealth        | 27 | 27.0
Translocations | |  2.6

Action                   |  1- 3 |  4- 6 |  7- 9 | 10-12 | 13-15 | 16-18 | 19-21 | 22-24 | 25-27 || total
-------------------------+-------+-------+-------+-------+-------+-------+-------+-------+-------++-------
Melee: Executioner's axe |     1 |       |       |       |     4 |     3 |     4 |     6 |    85 ||   103
Invok: Lesser Servant of |       |       |       |       |       |       |     3 |       |       ||     3
       Greater Servant o |       |       |       |       |       |       |       |       |    10 ||    10
 Stab: Distracted        |       |       |       |       |       |       |       |       |     1 ||     1
Armor: Leather armour    |       |       |       |       |       |       |       |       |     1 ||     1
Dodge: Dodged            |       |       |       |       |       |       |       |       |     8 ||     8
